 Dungeon Crawl Stone Soup version 0.20.1-1-g8b1a95d (webtiles) character file.

9545 Inchmeat the Impaler (level 11, -6/72 HPs)
             Began as a Merfolk Gladiator on Nov 17, 2017.
             Was a Follower of Makhleb.
             Mangled by Snorg (10 damage)
             ... on level 12 of the Dungeon.
             The game lasted 00:25:37 (13541 turns).

Inchmeat the Impaler (Merfolk Gladiator)           Turns: 13541, Time: 00:25:38

Health: -6/72      AC: 15    Str: 19    XL:     11   Next: 48%
Magic:  11/11      EV: 14    Int: 12    God:    Makhleb [*.....]
Gold:   249        SH:  0    Dex: 17    Spells: 10/10 levels left

rFire    . . .     SeeInvis .   h - +1 glaive
rCold    . . .     Gourm    .   (shield currently unavailable)
rNeg     . . .     Faith    .   e - +1 chain mail of Qiumaxa {MR+ Str+5}
rPois    +         Spirit   .   c - +0 helmet
rElec    .         Reflect  .   o - +2 cloak
rCorr    .         Harm     .   (no gloves)
MR       +....                  (no boots)
Stlth    ..........             (no amulet)
Regen    0.3/turn               k - +4 ring of intelligence
MPRegen  0.2/turn               A - ring of wizardry

@: no status effects
A: change form in water, swift swim, stealthy swim, molten scales 1, camouflage
1, clumsy 1, poison resistance
a: Renounce Religion


You were on level 12 of the Dungeon.
You worshipped Makhleb.
Makhleb was aware of your devotion.
You were not hungry.

You visited 2 branches of the dungeon, and saw 13 of its levels.
You also visited: Sewer.

You collected 651 gold pieces.
You spent 402 gold pieces at shops.

Inventory:

Hand Weapons
 h - a +1 glaive (weapon)
 y - a +3 trident
Armour
 c - a +0 helmet (worn)
 e - the +1 chain mail of Qiumaxa (worn) {MR+ Str+5}
   (You bought it in a shop on level 9 of the Dungeon)

   It affects your strength (+5).
   It affects your resistance to hostile enchantments.
 o - a +2 cloak (worn)
Jewellery
 k - a +4 ring of intelligence (left hand)
 A - a ring of wizardry (right hand)
Wands
 s - a wand of iceblast (9/15)
Scrolls
 d - 2 scrolls of enchant armour
 n - 5 scrolls of teleportation
 p - a scroll of fear
 q - 2 scrolls of fog
 r - 5 scrolls of remove curse
 u - a scroll of amnesia
 w - 2 scrolls of holy word
 C - 3 scrolls of recharging
Potions
 a - a potion of curing
 i - 5 potions of flight
 t - a potion of haste
 v - 2 potions of lignification
 B - a potion of magic
 D - a potion of brilliance
Books
 l - a book of Cantrips

   Spells                             Type                      Level
   a - Confusing Touch                Hexes                        1
   b - Animate Skeleton               Necromancy                   1
   c - Summon Small Mammal            Summoning                    1
   d - Apportation                    Translocation                1
 m - the Incunabulum of Glacial Contamination
   (You found it on level 9 of the Dungeon)

   Spells                             Type                      Level
   a - Ozocubu's Armour               Charms/Ice                   3
   b - Ignite Poison                  Fire/Transmutation/Poison    3
   c - Olgreb's Toxic Radiance        Poison                       4
   d - Alistair's Intoxication        Transmutation/Poison         5
Comestibles
 f - 4 bread rations
 g - 6 meat rations
 j - 15 royal jellies


   Skills:
 - Level 2.1 Fighting
 * Level 19.3 Polearms
 - Level 2.0 Throwing
 - Level 12.9 Dodging


You had 10 spell levels left.
You didn't know any spells.

Dungeon Overview and Level Annotations

Branches:
Dungeon (12/15)            Temple (1/1) D:6            Lair (0/6) D:10
    Orc (0/2) D:9

Altars:
Ashenzari
Cheibriados
Dithmenos
Elyvilon
Fedhas
Gozag
Hepliaklqana
Kikubaaqudgha
Makhleb
Nemelex Xobeh
Okawaru
Qazlal
Ru
Sif Muna
Trog
Uskayaw
Vehumet
Xom
Yredelemnul
Zin
The Shining One

Shops:
D:9 ?[

Annotations:
D:11 maximusg's ghost, journeyman MiBe
D:12 Snorg


Innate Abilities, Weirdness & Mutations

You revert to your normal form in water.
You are very nimble and swift while swimming.
You are very stealthy in the water. (Stealth+)
You are partially covered in molten scales. (AC +2)
Your skin changes colour to match your surroundings (Stealth+).
You are clumsy. (Dex -2)
Your system is resistant to poisons. (rPois)


Message History

As you read the scroll of fear, it crumbles to dust.
You assume a fearsome visage.
The yak looks frightened! x2
The phantom is unaffected.
The slime creature looks frightened!
The very large slime creature looks frightened!
The jelly looks frightened!
The orc looks frightened!
The orc wizard looks frightened!
The orc looks frightened!
Snorg bites you!!
* * * LOW HITPOINT WARNING * * *
Snorg claws you but does no damage. Snorg barely misses you.
The orc wizard mumbles some strange words.
The orc wizard flickers and vanishes!
Deactivating autopickup; reactivate with Ctrl-A.
The phantom barely misses you. Snorg barely misses you.
Snorg closely misses you. Snorg claws you!
* * * LOW HITPOINT WARNING * * *
Okay, then.
Okay, then.
Unknown command.
You hear a shout!
Snorg completely misses you. Snorg claws you!
You die...

.... ####.........#
...?. ...####....#
#!.Y## #..##J....#
#.Yo.####J##..#..#
#o)J...o.....#..####
#).##......#.....#
#.Y#....W<...##...#
##.J....T#†#.# #.#
##Y....@#...# #
#....J...####
####........#
...$.........#######
#####...............
#........#######
#........#
#........#
##########


You could see Snorg (berserk), a very large slime creature (fleeing), 2 slime
creatures, 2 yaks, a phantom, a jelly (fleeing) and an orc (fleeing).

Vanquished Creatures
  A two-headed ogre (D:9)
  The ghost of geometer the Cleaver, a novice HOFi of Trog (D:4)
  An elephant (D:10)
  4 trolls
  A hornet (D:8)
  A hippogriff (D:10)
  A wyvern (D:10)
  A steam dragon (D:10)
  2 basilisks
  2 hungry ghosts
  Menkaure (D:6)
  6 orc warriors
  5 ice beasts
  3 sky beasts
  4 ogres
  A black bear (D:9)
  7 centaurs
  A big kobold (Sewer)
  8 bullfrogs
  2 wyvern skeletons
  A scorpion (D:4)
  7 killer bees
  15 wights
  3 howler monkeys
  8 jellies
  7 crimson imps
  A centaur zombie (D:9)
  2 bullfrog zombies
  6 hounds
  A quasit (D:8)
  2 orc priests
  A centaur skeleton (D:4)
  4 bullfrog skeletons
  6 orc wizards
  5 iguanas
  Natasha (twice) (D:4)
  8 worker ants
  A howler monkey zombie (D:8)
  11 adders
  A howler monkey skeleton (D:11)
  3 river rats
  A shadow imp (D:9)
  7 oozes
  4 adder zombies
  4 worms
  A dart slug (D:1)
  7 leopard geckos
  34 orcs
  6 giant cockroaches
  3 goblins
  7 hobgoblins
  13 jackals
  7 kobolds
  4 quokkas
  6 bats
  6 frilled lizards
  A leopard gecko skeleton (D:4)
  A leopard gecko zombie (D:8)
  13 rats
273 creatures vanquished.

Notes
Turn   | Place    | Note
-------+----------+-------------------------------------------
     0 | D:1      | Inchmeat the Merfolk Gladiator began the quest for the Orb.
     0 | D:1      | Reached XP level 1. HP: 16/16 MP: 1/1
   156 | D:1      | Reached skill level 5 in Polearms
   156 | D:1      | Reached XP level 2. HP: 14/22 MP: 2/2
   735 | D:2      | Reached skill level 6 in Polearms
   735 | D:2      | Reached XP level 3. HP: 27/27 MP: 3/3
  1307 | D:3      | Found a glowing drain.
  1313 | D:3      | Reached skill level 7 in Polearms
  1313 | D:3      | Reached XP level 4. HP: 28/33 MP: 4/4
  1332 | Sewer    | Entered a sewer
  1655 | Sewer    | Noticed a big kobold
  1670 | Sewer    | Killed a big kobold
  1670 | Sewer    | Reached skill level 8 in Polearms
  1670 | Sewer    | Reached XP level 5. HP: 34/38 MP: 5/5
  1717 | Sewer    | Found a glowing silver altar of Zin.
  1870 | D:3      | Found a faded altar of an unknown god.
  2041 | D:3      | Reached skill level 9 in Polearms
  2200 | D:4      | Noticed Natasha
  2211 | D:4      | Killed Natasha
  2211 | D:4      | Reached XP level 6. HP: 32/44 MP: 6/6
  2579 | D:4      | Reached skill level 10 in Polearms
  2756 | D:4      | Noticed geometer's ghost (novice HOFi)
  2765 | D:4      | Reached XP level 7. HP: 38/50 MP: 7/7
  2776 | D:4      | Reached skill level 11 in Polearms
  2788 | D:5      | Entered Level 5 of the Dungeon
  3160 | D:5      | Found a shimmering altar of Xom.
  3364 | D:5      | Learned a level 2 spell: Swiftness
  3687 | D:5      | Reached skill level 12 in Polearms
  4146 | D:6      | Reached XP level 8. HP: 43/56 MP: 8/8
  4278 | D:6      | Noticed Menkaure
  4290 | D:6      | Killed Menkaure
  4290 | D:6      | Reached skill level 13 in Polearms
  4459 | D:6      | Reached skill level 14 in Polearms
  4505 | D:6      | Found a staircase to the Ecumenical Temple.
  4522 | Temple   | Entered the Ecumenical Temple
  5535 | D:7      | Reached skill level 15 in Polearms
  5652 | D:7      | Reached XP level 9. HP: 31/61 MP: 9/9
  5884 | D:7      | Reached skill level 5 in Dodging
  6883 | D:8      | Reached skill level 10 in Dodging
  6897 | D:8      | Noticed a hornet
  6898 | D:8      | Paralysed by a hornet for 2 turns
  6912 | D:8      | Killed a hornet
  7458 | D:8      | Reached XP level 10. HP: 67/67 MP: 10/10
  8044 | D:9      | Noticed a two-headed ogre
  8058 | D:9      | Killed a two-headed ogre
  8058 | D:9      | Reached skill level 16 in Polearms
  8209 | D:9      | Found Lyonimuth's Antique Armour Boutique.
  8222 | D:9      | Bought a jewelled chain mail for 275 gold pieces
  8264 | D:9      | Gained mutation: Scrolls take you a little longer to read. [mutagenic meat]
  8265 | D:9      | Gained mutation: You have a pair of small horns on your head. [mutagenic meat]
  8266 | D:9      | Gained mutation: You are frail. (-10% HP) [mutagenic meat]
  8267 | D:9      | Gained mutation: You are partially covered in molten scales. (AC +2) [mutagenic meat]
  8268 | D:9      | Gained mutation: Potions are less effective at restoring your health. [mutagenic meat]
  8269 | D:9      | Lost mutation: You have a pair of small horns on your head. [potion of mutation]
  8269 | D:9      | Lost mutation: Potions are less effective at restoring your health. [potion of mutation]
  8269 | D:9      | Lost mutation: Scrolls take you a little longer to read. [potion of mutation]
  8269 | D:9      | Lost mutation: You are frail. (-10% HP) [potion of mutation]
  8269 | D:9      | Gained mutation: You are clumsy. (Dex -2) [potion of mutation]
  8269 | D:9      | Gained mutation: Your skin changes colour to match your surroundings (Stealth+). [potion of mutation]
  8269 | D:9      | Gained mutation: Your system is resistant to poisons. (rPois) [potion of mutation]
  8302 | D:9      | Identified the Incunabulum of Glacial Contamination
  8325 | D:9      | Found Etorawk Ikhla's Magic Scroll Emporium.
  8468 | D:9      | Bought a scroll of identify for 30 gold pieces
  8468 | D:9      | Bought a scroll of teleportation for 45 gold pieces
  8468 | D:9      | Bought a scroll of fear for 52 gold pieces
  8480 | D:9      | Found a staircase to the Orcish Mines.
  8998 | D:10     | Entered Level 10 of the Dungeon
  9005 | D:10     | Found a staircase to the Lair.
  9176 | D:10     | Noticed an elephant
 10154 | D:7      | Reached skill level 17 in Polearms
 10236 | D:4      | Killed geometer's ghost
 10677 | D:4      | Noticed Natasha
 10703 | D:4      | Killed Natasha
 10830 | Temple   | Became a worshipper of Makhleb the Destroyer
 11034 | D:10     | Reached XP level 11. HP: 72/72 MP: 11/11
 11083 | D:10     | Identified the +1 chain mail of Qiumaxa {MR+ Str+5} (You bought it in a shop on level 9 of the Dungeon)
 11193 | D:10     | Reached skill level 18 in Polearms
 12160 | D:11     | Noticed maximusg's ghost (journeyman MiBe)
 12547 | D:11     | Reached * piety under Makhleb
 13182 | D:10     | Reached skill level 19 in Polearms
 13384 | D:11     | Noticed Snorg
 13541 | D:12     | Mangled by Snorg

Skill      XL: |  1  2  3  4  5  6  7  8  9 10 11 |
---------------+----------------------------------+-----
Polearms       | 5 6 7 8 9 10 12 15 17 19 | 19.3
Dodging        | 11 12 | 12.9
Fighting       | |  2.1
Throwing       | |  2.0

Action                   |  1- 3 |  4- 6 |  7- 9 | 10-12 || total
-------------------------+-------+-------+-------+-------++-------
Melee: Trident           |    90 |   194 |   498 |    26 ||   808
       Tailslap          |       |     1 |       |       ||     1
       Unarmed           |       |       |     6 |       ||     6
       Glaive            |       |       |       |   462 ||   462
Throw: Tomahawk          |     1 |     5 |       |     1 ||     7
       Throwing net      |       |     2 |     1 |       ||     3
  Use: Scroll            |     1 |     5 |     4 |    16 ||    26
       Potion            |       |     1 |     7 |     2 ||    10
 Stab: Sleeping          |     1 |       |       |     2 ||     3
       Held in net/web   |       |     1 |     1 |       ||     2
  Eat: Chunk             |     1 |     4 |     9 |    23 ||    37
       Meat ration       |       |       |     2 |     1 ||     3
Armor: Leather armour    |    11 |       |       |       ||    11
       Scale mail        |     3 |    40 |    91 |    64 ||   198
       Skin              |       |       |    14 |       ||    14
       Chain mail        |       |       |       |    66 ||    66
Dodge: Dodged            |    54 |    84 |   170 |   298 ||   606
